Workbook
Name _____LO25: #REF!
Name _____LO25: #REF!
Name ____LO25: #REF!
Name ____LO25: #REF!
Name ___LO25: #REF!
Name ___LO25: #REF!
Name __LO25: #REF!
Name __LO25: #REF!
Name __xlfn_IFERROR: #N/A
Name _LO25: #REF!
Name _LO25: #REF!
Name AbaDeprec: #REF!
Name AbaDeprec: #REF!
Name AbaDeprec: #REF!
Name AbaDeprec: #REF!
Name AbaDeprec: #REF!
Name AbaDeprec: #REF!
Name AbaDeprec: #REF!
Name AbaDeprec: #REF!
Name AbaDeprec: #REF!
Name AbaRemun: #REF!
Name AbaRemun: #REF!
Name AbaRemun: #REF!
Name AbaRemun: #REF!
Name AbaRemun: #REF!
Name AbaRemun: #REF!
Name AbaRemun: #REF!
Name AbaRemun: #REF!
Name AbaRemun: #REF!
Name AbaRemun: #REF!
Name Horário: #REF!
Name Horário: #REF!
Name Horário: #REF!
Name Horário: #REF!
Name Horário: #REF!
Name Horário: #REF!
Name Print_Titles_0: '5 Cozinheiro Diurno '!$1:$1
Name Print_Titles_0: '6. Vigia Noturno'!$1:$1
Name Print_Titles_0: '7. Porteiro Diurno'!$1:$1
Name Print_Titles_0: '8. Vigilante Diurno'!$1:$1
Name Print_Titles_0_0: '5 Cozinheiro Diurno '!$1:$1
Name Print_Titles_0_0: '6. Vigia Noturno'!$1:$1
Name Print_Titles_0_0: '7. Porteiro Diurno'!$1:$1
Name Print_Titles_0_0: '8. Vigilante Diurno'!$1:$1
Name sesi: #REF!
Name sesi: #REF!

Sheet 1. Auxiliar Limpeza
A1: PLANILHA DE CUSTOS
A2: 1- Contratação serviços de limpeza em Órgãos Públicos
A4: Planilha de Composição de Custos
A6: Orçamento Sintético
A7: Descrição do Item | E7: Custo (R$/mês) | F7: %
A8: =A22 -> 1. Mão-de-obra | E8: =+F61 -> 73396.854 | F8: =IFERROR(E8/$E$18,0) -> 0.78913659
A9: =A23 -> 1.1. Categoria Profissional de Auxiliar de Limpeza - CBO 5143 | E9: =F31 -> 61769.265 | F9: =IFERROR(E9/$E$18,0) -> 0.66412094
A10: =A33 -> 1.2. Supervisor/Encarregado | E10: =F41 -> 1875.4077 | F10: =IFERROR(E10/$E$18,0) -> 0.02016371
A11: =A43 -> 1.3. Vale Transporte | E11: =F48 -> 1847.6484 | F11: =IFERROR(E11/$E$18,0) -> 0.019865252
A12: =A50 -> 1.4. Auxílio Alimentação | E12: =F54 -> 7494.8328 | F12: =IFERROR(E12/$E$18,0) -> 0.080581749
A13: =A56 -> 1.5. Plano de Benefício Social | E13: =F59 -> 409.7 | F13: =IFERROR(E13/$E$18,0) -> 0.0044049472
A14: =A63 -> 2. Uniformes e Equipamentos de Proteção Individual | E14: =+F75 -> 960.76718 | F14: =IFERROR(E14/$E$18,0) -> 0.010329823
A15: =A64 -> 2.1. Uniformes e EPIs | E15: =F73 -> 960.76718 | F15: =IFERROR(E15/$E$18,0) -> 0.010329823
A16: =A77 -> 3. Administração Local/Veículo de Apoio | E16: =F81 -> 862 | F16: =IFERROR(E16/$E$18,0) -> 0.0092679142
A17: =A86 -> 4. Benefícios e Despesas Indiretas | E17: =F90 -> 17789.44 | F17: =IFERROR(E17/$E$18,0) -> 0.19126567
A18: PREÇO TOTAL MENSAL | E18: =E8+E14+E17+E16 -> 93009.061 | F18: =F8+F14+F17+F16 -> 1
A20: Fator de utilização (FU) | B20: =40/44 -> 0.90909091
A22: 1. Mão-de-obra
A23: 1.1. Categoria Profissional de Auxiliar de Limpeza - CBO 5143
A24: Discriminação | B24: Unidade | C24: Quantidade | D24: Custo unitário | E24: Subtotal | F24: Total (R$)
A25: Piso da categoria | B25: mês | C25: 1 | D25: 1653.58 | E25: =C25*D25 -> 1653.58
A26: Adicional de Insalubridade | B26: % | C26: 40 | D26: =SUM(E25:E25) -> 1653.58 | E26: =C26*D26/100 -> 661.432 | H26: Piso da categoria
A27: Soma | E27: =SUM(E25:E26) -> 2315.012 | H27: Soma
A28: Encargos Sociais | B28: % | C28: ='9. Encargos Sociais'!$C$33*100 -> 69.79 | D28: =E25+E26 -> 2315.012 | E28: =D28*C28/100 -> 1615.6469 | H28: Encargos Sociais
A29: Total por Funcionário | E29: =E25+E26+E28 -> 3930.6589
A30: Total do Efetivo | B30: homem | C30: 17 | D30: =E29 -> 3930.6589 | E30: =C30*D30 -> 66821.201
D31: Fator de util. | E31: 0.9091 | F31: =(((E25+E28)*E31)+E26)*C30 -> 61769.265
A33: 1.2. Supervisor/Encarregado
A34: Discriminação | B34: Unidade | C34: Quantidade | D34: Custo unitário | E34: Subtotal | F34: Total (R$)
A35: Piso da categoria | B35: mês | C35: 1 | D35: 2700 | E35: =C35*D35 -> 2700
A36: Complemento por ser encarregado | B36: mês | C36: 1 | D36: 0 | E36: =C36*D36 -> 0
A37: Soma | E37: =E35+E36 -> 2700
A38: Encargos Sociais | B38: % | C38: ='9. Encargos Sociais'!$C$33*100 -> 69.79 | D38: =E37 -> 2700 | E38: =D38*C38/100 -> 1884.33
A39: Total por funcionário | E39: =E37+E38 -> 4584.33
A40: Total do Efetivo | B40: homem | C40: 1 | D40: =E39 -> 4584.33 | E40: =C40*D40 -> 4584.33
A41: Obs: 18 horas semanais | D41: Fator de util. | E41: =18/44 -> 0.40909091 | F41: =E40*E41 -> 1875.4077
A43: 1.3. Vale Transporte
A44: Discriminação | B44: Unidade | C44: Quantidade | D44: Custo unitário | E44: Subtotal | F44: Total (R$)
A45: Vale Transporte | B45: R$ | C45: 1 | D45: 4.95
A46: Dias Trabalhados por mês | B46: dia | C46: 21
A47: Auxíliar de limpeza | B47: vale | C47: =$C$46*2*(C30) -> 714 | D47: =IFERROR((($C$46*2*$D$45)-(E25*0.06*C46/C46))/($C$46*2),"-") -> 2.5877429 | E47: =IFERROR(C47*D47,"-") -> 1847.6484
F48: =SUM(E47:E47) -> 1847.6484
A50: 1.4. Auxílio Alimentação
A51: Discriminação | B51: Unidade | C51: Quantidade | D51: Custo unitário | E51: Subtotal | F51: Total (R$)
A52: Auxiliar de limpeza | B52: unidade | C52: =C46*C30 -> 357 | D52: =25.42*0.81 -> 20.5902 | E52: =(D52*C52) -> 7350.7014
A53: Supervisor/Encarregado | B53: unidade | C53: 7 | D53: =25.42*0.81 -> 20.5902 | E53: =(D53*C53) -> 144.1314
D54: Fator de util. | E54: 1 | F54: =SUM(E52:E53)*E54 -> 7494.8328
A56: 1.5. Plano de Benefício Social
A57: Discriminação | B57: Unidade | C57: Quantidade | D57: Custo unitário | E57: Subtotal | F57: Total (R$)
A58: Plano de Benefício Social | B58: unidade | C58: =C30 -> 17 | D58: 24.1 | E58: =C58*D58 -> 409.7
D59: Fator de util. | E59: 1 | F59: =SUM(E58:E58)*E59 -> 409.7
A61: 1. Custo Mensal com Mão-de-obra | F61: =F31+F48+F54+F59+F41 -> 73396.854
A63: 2. Uniformes e Equipamentos de Proteção Individual
A64: 2.1. Uniformes e EPIs
A65: Discriminação | B65: Unidade | C65: Durabilidade (meses) | D65: Custo unitário | E65: Subtotal | F65: Total (R$)
A66: Jaqueta com reflexivo (NBR 15.292) | B66: unidade | C66: 12 | D66: 170 | E66: =IFERROR(D66/C66,0) -> 14.166667
A67: Calça | B67: unidade | C67: 6 | D67: 75 | E67: =IFERROR(D67/C67,0) -> 12.5
A68: Camisa manga curta | B68: unidade | C68: 6 | D68: 40 | E68: =IFERROR(D68/C68,0) -> 6.6666667
A69: Camisa manga longa | B69: unidade | C69: 6 | D69: 43 | E69: =IFERROR(D69/C69,0) -> 7.1666667
A70: Botina, ou tenis compatível | B70: par | C70: 6 | D70: 75 | E70: =IFERROR(D70/C70,0) -> 12.5
A71: Jaleco de manga curta/Colete reflexivo | B71: unidade | C71: 6 | D71: 55 | E71: =IFERROR(D71/C71,0) -> 9.1666667
A72: Quantidade de trabalhadores | C72: =C30 -> 17 | D72: =+SUM(E66:E71) -> 62.166667 | E72: =C72*D72 -> 1056.8333
D73: Fator de util. | E73: 0.9091 | F73: =E72*E73 -> 960.76718
A75: 2. Custo Mensal com Uniformes e EPIs | F75: =+F73 -> 960.76718
A77: 3. Administração Local/Veículo de Apoio
A78: Discriminação | B78: Unidade | C78: Quantidade | D78: Custo unitário | E78: Subtotal | F78: Total (R$)
A79: Custo do veículo de apoio (manut/deprec. Comb e outros) 10km/dia | B79: Km/rodados/mês | C79: =21*10 -> 210 | D79: 2.2 | E79: =C79*D79 -> 462
A80: Instalação para Escritório Administrativo (aluguel e despesas do local) | B80: mês | C80: 1 | D80: 400 | E80: =C80*D80 -> 400
D81: Fator de utilização | E81: 1 | F81: =SUM(E79:E80) -> 862
A84: CUSTO TOTAL MENSAL COM DESPESAS OPERACIONAIS (R$/mês) | F84: =F61+F75+F81 -> 75219.621
A86: 4. Benefícios e Despesas Indiretas
A87: Discriminação | B87: Unidade | C87: Quantidade | D87: Custo unitário | E87: Subtotal | F87: Total (R$)
A88: Benefícios e despesas indiretas | B88: % | C88: ='10. BDI'!C17 -> 0.2365 | D88: =F84 -> 75219.621 | E88: =D88*C88 -> 17789.44
A90: 4. Custo Mensal Com BDI | F90: =E88 -> 17789.44
A92: PREÇO MENSAL TOTAL | F92: =F61+F75+F90+F81 -> 93009.061
A94: PREÇO MENSAL POR FUNCIONÁRIO | F94: =F92/C72 -> 5471.1212
A96: PREÇO MENSAL POR HORA | B96: 167.14 | C96: hrs/func/mês | F96: =F94/B96 -> 32.733764
A98: Obs: cada empresa deverá prever seus encargos sociais e impostos conforme determina a legislação de sua atividade.

Sheet 2. Gari - Limpeza Urbana
A1: PLANILHA DE CUSTOS
A2: 2- Contratação serviços de limpeza Urbana
A4: Planilha de Composição de Custos
A6: Orçamento Sintético
A7: Descrição do Item | E7: Custo (R$/mês) | F7: %
A8: =A22 -> 1. Mão-de-obra | E8: =+F61 -> 30780.362 | F8: =IFERROR(E8/$E$18,0) -> 0.77313296
A9: =A23 -> 1.1. Categoria Profissional - Gari - Limpeza Urbana - CBO 5142 | E9: =F31 -> 25921.533 | F9: =IFERROR(E9/$E$18,0) -> 0.65109016
A10: =A33 -> 1.2. Supervisor/Encarregado | E10: =F41 -> 833.51455 | F10: =IFERROR(E10/$E$18,0) -> 0.020935997
A11: =A43 -> 1.3. Vale Transporte | E11: =F48 -> 747.495 | F11: =IFERROR(E11/$E$18,0) -> 0.018775381
A12: =A50 -> 1.4. Auxílio Alimentação | E12: =F54 -> 3109.1202 | F12: =IFERROR(E12/$E$18,0) -> 0.078094055
A13: =A56 -> 1.5. Plano de Benefício Social | E13: =F59 -> 168.7 | F13: =IFERROR(E13/$E$18,0) -> 0.0042373618
A14: =A63 -> 2. Uniformes e Equipamentos de Proteção Individual | E14: =+F82 -> 1024.9799 | F14: =IFERROR(E14/$E$18,0) -> 0.025745174
A15: =A64 -> 2.1. Uniformes e EPIs | E15: =F80 -> 1024.9799 | F15: =IFERROR(E15/$E$18,0) -> 0.025745174
A16: =A84 -> 3. Administração Local/Veículo de Apoio | E16: =F88 -> 392.4 | F16: =IFERROR(E16/$E$18,0) -> 0.0098561989
A17: =A93 -> 4. Benefícios e Despesas Indiretas | E17: =F97 -> 7614.766 | F17: =IFERROR(E17/$E$18,0) -> 0.19126567
A18: PREÇO TOTAL MENSAL | E18: =E8+E14+E17+E16 -> 39812.508 | F18: =F8+F14+F17+F16 -> 1
A20: Fator de utilização (FU) | B20: =40/44 -> 0.90909091
A22: 1. Mão-de-obra
A23: 1.1. Categoria Profissional - Gari - Limpeza Urbana - CBO 5142
A24: Discriminação | B24: Unidade | C24: Quantidade | D24: Custo unitário | E24: Subtotal | F24: Total (R$)
A25: Piso da categoria | B25: mês | C25: 1 | D25: 1685.25 | E25: =C25*D25 -> 1685.25
A26: Adicional de Insalubridade | B26: % | C26: 40 | D26: =SUM(E25:E25) -> 1685.25 | E26: =C26*D26/100 -> 674.1 | H26: Piso da categoria
A27: Soma | E27: =SUM(E25:E26) -> 2359.35 | H27: Soma
A28: Encargos Sociais | B28: % | C28: ='9. Encargos Sociais'!$C$33*100 -> 69.79 | D28: =E25+E26 -> 2359.35 | E28: =D28*C28/100 -> 1646.5904 | H28: Encargos Sociais
A29: Total por Funcionário | E29: =E25+E26+E28 -> 4005.9404 | H29: Total por Assistente Administrativo
A30: Total do Efetivo | B30: homem | C30: 7 | D30: =E29 -> 4005.9404 | E30: =C30*D30 -> 28041.583 | H30: Total do Efetivo
D31: Fator de util. | E31: 0.9091 | F31: =(((E25+E28)*E31)+E26)*C30 -> 25921.533
A33: 1.2. Supervisor/Encarregado
A34: Discriminação | B34: Unidade | C34: Quantidade | D34: Custo unitário | E34: Subtotal | F34: Total (R$)
A35: Piso da categoria | B35: mês | C35: 1 | D35: 2700 | E35: =C35*D35 -> 2700
A36: Complemento por ser encarregado | B36: mês | C36: 1 | D36: 0 | E36: =C36*D36 -> 0
A37: Soma | E37: =E35+E36 -> 2700
A38: Encargos Sociais | B38: % | C38: ='9. Encargos Sociais'!$C$33*100 -> 69.79 | D38: =E37 -> 2700 | E38: =D38*C38/100 -> 1884.33
A39: Total por funcionário | E39: =E37+E38 -> 4584.33
A40: Total do Efetivo | B40: homem | C40: 1 | D40: =E39 -> 4584.33 | E40: =C40*D40 -> 4584.33
A41: Obs: 08 horas semanais | D41: Fator de util. | E41: =8/44 -> 0.18181818 | F41: =E40*E41 -> 833.51455
A43: 1.3. Vale Transporte
A44: Discriminação | B44: Unidade | C44: Quantidade | D44: Custo unitário | E44: Subtotal | F44: Total (R$)
A45: Vale Transporte | B45: R$ | C45: 1 | D45: 4.95
A46: Dias Trabalhados por mês | B46: dia | C46: 21
A47: Auxíliar de limpeza | B47: vale | C47: =$C$46*2*(C30) -> 294 | D47: =IFERROR((($C$46*2*$D$45)-(E25*0.06*C46/C46))/($C$46*2),"-") -> 2.5425 | E47: =IFERROR(C47*D47,"-") -> 747.495
F48: =SUM(E47:E47) -> 747.495
A50: 1.4. Auxílio Alimentação
A51: Discriminação | B51: Unidade | C51: Quantidade | D51: Custo unitário | E51: Subtotal | F51: Total (R$)
A52: Auxiliar de limpeza | B52: unidade | C52: =C46*C30 -> 147 | D52: =25.42*0.81 -> 20.5902 | E52: =(D52*C52) -> 3026.7594
A53: Supervisor/Encarregado | B53: unidade | C53: 4 | D53: =25.42*0.81 -> 20.5902 | E53: =(D53*C53) -> 82.3608
D54: Fator de util. | E54: 1 | F54: =SUM(E52:E53)*E54 -> 3109.1202
A56: 1.5. Plano de Benefício Social
A57: Discriminação | B57: Unidade | C57: Quantidade | D57: Custo unitário | E57: Subtotal | F57: Total (R$)
A58: Plano de Benefício Social | B58: unidade | C58: =C30 -> 7 | D58: 24.1 | E58: =C58*D58 -> 168.7
D59: Fator de util. | E59: 1 | F59: =SUM(E58:E58)*E59 -> 168.7
A61: 1. Custo Mensal com Mão-de-obra | F61: =F31+F48+F54+F59+F41 -> 30780.362
A63: 2. Uniformes e Equipamentos de Proteção Individual
A64: 2.1. Uniformes e EPIs
A65: Discriminação | B65: Unidade | C65: Durabilidade (meses) | D65: Custo unitário | E65: Subtotal | F65: Total (R$)
A66: Jaqueta com reflexivo (NBR 15.292) | B66: unidade | C66: 12 | D66: 170 | E66: 14.166667
A67: Calça | B67: unidade | C67: 6 | D67: 75 | E67: 12.5
A68: Camiseta manga curta com reflexivo | B68: unidade | C68: 4 | D68: 45 | E68: 11.25
A69: Camiseta manga longa com reflexivo | B69: unidade | C69: 4 | D69: 43 | E69: 10.75
A70: Bermudas | B70: unidade | C70: 6 | D70: 48 | E70: 8
A71: Chapeu ou Boné tipo arabé | B71: unidade | C71: 6 | D71: 50 | E71: 8.3333333
A72: Botina de segurança, ou tênis | B72: par | C72: 6 | D72: 75 | E72: 12.5
A73: Meia de algodão com cano alto | B73: par | C73: 2 | D73: 12 | E73: 6
A74: Capa de chuva amarela com reflexivo | B74: unidade | C74: 6 | D74: 55 | E74: 9.1666667
A75: Colete reflexivo | B75: unidade | C75: 6 | D75: 33 | E75: 5.5
A76: Luva de proteção | B76: par | C76: 0.5 | D76: 23.7 | E76: 47.4
A77: Óculos de proteção de radiação solar | B77: Unidade | C77: 6 | D77: 15 | E77: 2.5
A78: Protetor solar FPS 30 | B78: frasco 120g | C78: 2 | D78: 26 | E78: 13
A79: Quantidade de trabalhadores | C79: =C30 -> 7 | D79: =+SUM(E66:E78) -> 161.06667 | E79: =C79*D79 -> 1127.4667
D80: Fator de util. | E80: 0.9091 | F80: =E79*E80 -> 1024.9799
A82: 2. Custo Mensal com Uniformes e EPIs | F82: =+F80 -> 1024.9799
A84: 3. Administração Local/Veículo de Apoio
A85: Discriminação | B85: Unidade | C85: Quantidade | D85: Custo unitário | E85: Subtotal | F85: Total (R$)
A86: Custo do veículo de apoio (manut/deprec. Comb e outros) 2km/dia | B86: Km/rodados/mês | C86: =21*2 -> 42 | D86: 2.2 | E86: =C86*D86 -> 92.4
A87: Instalação para Escritório Administrativo (aluguel e despesas do local) | B87: mês | C87: 1 | D87: 300 | E87: =C87*D87 -> 300
D88: Fator de utilização | E88: 1 | F88: =SUM(E86:E87) -> 392.4
A91: CUSTO TOTAL MENSAL COM DESPESAS OPERACIONAIS (R$/mês) | F91: =F61+F82+F88 -> 32197.742
A93: 4. Benefícios e Despesas Indiretas
A94: Discriminação | B94: Unidade | C94: Quantidade | D94: Custo unitário | E94: Subtotal | F94: Total (R$)
A95: Benefícios e despesas indiretas | B95: % | C95: ='10. BDI'!C17 -> 0.2365 | D95: =F91 -> 32197.742 | E95: =D95*C95 -> 7614.766
A97: 4. Custo Mensal Com BDI | F97: =E95 -> 7614.766
A99: PREÇO MENSAL TOTAL | F99: =F61+F82+F97+F88 -> 39812.508
A101: PREÇO MENSAL POR FUNCIONÁRIO | F101: =F99/C79 -> 5687.5012
A103: PREÇO MENSAL POR HORA | B103: 167.14 | C103: hrs/func/mês | F103: =F101/B103 -> 34.028367
A105: Obs: cada empresa deverá prever seus encargos sociais e impostos conforme determina a legislação de sua atividade.

Sheet 3. Coletor de Lixo
A1: PLANILHA DE CUSTOS
A2: 3- Contratação serviços de coletor de lixo urbano
A4: Planilha de Composição de Custos
A6: Orçamento Sintético
A7: Descrição do Item | E7: Custo (R$/mês) | F7: %
A8: =A22 -> 1. Mão-de-obra | E8: =+F61 -> 5289.9627 | F8: =IFERROR(E8/$E$18,0) -> 0.76634244
A9: =A23 -> 1.1. Categoria Profissional Coletor de Lixo Urbano - CBO 5142 | E9: =F31 -> 4284.6255 | F9: =IFERROR(E9/$E$18,0) -> 0.62070198
A10: =A33 -> 1.2. Supervisor/Encarregado | E10: =F41 -> 416.75727 | F10: =IFERROR(E10/$E$18,0) -> 0.060374487
A11: =A43 -> 1.3. Vale Transporte | E11: =F48 -> 90.9054 | F11: =IFERROR(E11/$E$18,0) -> 0.013169217
A12: =A50 -> 1.4. Auxílio Alimentação | E12: =F54 -> 473.5746 | F12: =IFERROR(E12/$E$18,0) -> 0.068605458
A13: =A56 -> 1.5. Plano de Benefício Social | E13: =F59 -> 24.1 | F13: =IFERROR(E13/$E$18,0) -> 0.0034913011
A14: =A63 -> 2. Uniformes e Equipamentos de Proteção Individual | E14: =+F82 -> 146.42571 | F14: =IFERROR(E14/$E$18,0) -> 0.021212292
A15: =A64 -> 2.1. Uniformes e EPIs | E15: =F80 -> 146.42571 | F15: =IFERROR(E15/$E$18,0) -> 0.021212292
A16: =A84 -> 3. Administração Local/Veículo de Apoio | E16: =F88 -> 146.2 | F16: =IFERROR(E16/$E$18,0) -> 0.021179594
A17: =A93 -> 4. Benefícios e Despesas Indiretas | E17: =F97 -> 1320.2822 | F17: =IFERROR(E17/$E$18,0) -> 0.19126567
A18: PREÇO TOTAL MENSAL | E18: =E8+E14+E17+E16 -> 6902.8706 | F18: =F8+F14+F17+F16 -> 1
A20: Fator de utilização (FU) | B20: =40/44 -> 0.90909091
A22: 1. Mão-de-obra
A23: 1.1. Categoria Profissional Coletor de Lixo Urbano - CBO 5142
A24: Discriminação | B24: Unidade | C24: Quantidade | D24: Custo unitário | E24: Subtotal | F24: Total (R$)
A25: Piso da categoria | B25: mês | C25: 1 | D25: 1949.91 | E25: =C25*D25 -> 1949.91
A26: Adicional de Insalubridade | B26: % | C26: 40 | D26: =SUM(E25:E25) -> 1949.91 | E26: =C26*D26/100 -> 779.964 | H26: Piso da categoria
A27: Soma | E27: =SUM(E25:E26) -> 2729.874 | H27: Soma
A28: Encargos Sociais | B28: % | C28: ='9. Encargos Sociais'!$C$33*100 -> 69.79 | D28: =E25+E26 -> 2729.874 | E28: =D28*C28/100 -> 1905.1791 | H28: Encargos Sociais
A29: Total por Funcionário | E29: =E25+E26+E28 -> 4635.0531 | H29: Total por Assistente Administrativo
A30: Total do Efetivo | B30: homem | C30: 1 | D30: =E29 -> 4635.0531 | E30: =C30*D30 -> 4635.0531 | H30: Total do Efetivo
D31: Fator de util. | E31: 0.9091 | F31: =(((E25+E28)*E31)+E26)*C30 -> 4284.6255
A33: 1.2. Supervisor/Encarregado
A34: Discriminação | B34: Unidade | C34: Quantidade | D34: Custo unitário | E34: Subtotal | F34: Total (R$)
A35: Piso da categoria | B35: mês | C35: 1 | D35: 2700 | E35: =C35*D35 -> 2700
A36: Complemento por ser encarregado | B36: mês | C36: 1 | D36: 0 | E36: =C36*D36 -> 0
A37: Soma | E37: =E35+E36 -> 2700
A38: Encargos Sociais | B38: % | C38: ='9. Encargos Sociais'!$C$33*100 -> 69.79 | D38: =E37 -> 2700 | E38: =D38*C38/100 -> 1884.33
A39: Total por funcionário | E39: =E37+E38 -> 4584.33
A40: Total do Efetivo | B40: homem | C40: 1 | D40: =E39 -> 4584.33 | E40: =C40*D40 -> 4584.33
A41: Obs: 04 horas semanais | D41: Fator de util. | E41: =4/44 -> 0.090909091 | F41: =E40*E41 -> 416.75727
A43: 1.3. Vale Transporte
A44: Discriminação | B44: Unidade | C44: Quantidade | D44: Custo unitário | E44: Subtotal | F44: Total (R$)
A45: Vale Transporte | B45: R$ | C45: 1 | D45: 4.95
A46: Dias Trabalhados por mês | B46: dia | C46: 21
A47: Auxíliar de limpeza | B47: vale | C47: =$C$46*2*(C30) -> 42 | D47: =IFERROR((($C$46*2*$D$45)-(E25*0.06*C46/C46))/($C$46*2),"-") -> 2.1644143 | E47: =IFERROR(C47*D47,"-") -> 90.9054
F48: =SUM(E47:E47) -> 90.9054
A50: 1.4. Auxílio Alimentação
A51: Discriminação | B51: Unidade | C51: Quantidade | D51: Custo unitário | E51: Subtotal | F51: Total (R$)
A52: Auxiliar de limpeza | B52: unidade | C52: =C46*C30 -> 21 | D52: =25.42*0.81 -> 20.5902 | E52: =(D52*C52) -> 432.3942
A53: Supervisor/Encarregado | B53: unidade | C53: 2 | D53: =25.42*0.81 -> 20.5902 | E53: =(D53*C53) -> 41.1804
D54: Fator de util. | E54: 1 | F54: =SUM(E52:E53)*E54 -> 473.5746
A56: 1.5. Plano de Benefício Social
A57: Discriminação | B57: Unidade | C57: Quantidade | D57: Custo unitário | E57: Subtotal | F57: Total (R$)
A58: Plano de Benefício Social | B58: unidade | C58: =C30 -> 1 | D58: 24.1 | E58: =C58*D58 -> 24.1
D59: Fator de util. | E59: 1 | F59: =SUM(E58:E58)*E59 -> 24.1
A61: 1. Custo Mensal com Mão-de-obra | F61: =F31+F48+F54+F59+F41 -> 5289.9627
A63: 2. Uniformes e Equipamentos de Proteção Individual
A64: 2.1. Uniformes e EPIs
A65: Discriminação | B65: Unidade | C65: Durabilidade (meses) | D65: Custo unitário | E65: Subtotal | F65: Total (R$)
A66: Jaqueta com reflexivo (NBR 15.292) | B66: unidade | C66: 12 | D66: 170 | E66: 14.166667
A67: Calça | B67: unidade | C67: 6 | D67: 75 | E67: 12.5
A68: Camiseta manga curta com reflexivo | B68: unidade | C68: 4 | D68: 45 | E68: 11.25
A69: Camiseta manga longa com reflexivo | B69: unidade | C69: 4 | D69: 43 | E69: 10.75
A70: Bermudas | B70: unidade | C70: 6 | D70: 48 | E70: 8
A71: Chapeu ou Boné tipo arabé | B71: unidade | C71: 6 | D71: 50 | E71: 8.3333333
A72: Botina de segurança, ou tênis | B72: par | C72: 6 | D72: 75 | E72: 12.5
A73: Meia de algodão com cano alto | B73: par | C73: 2 | D73: 12 | E73: 6
A74: Capa de chuva amarela com reflexivo | B74: unidade | C74: 6 | D74: 55 | E74: 9.1666667
A75: Colete reflexivo | B75: unidade | C75: 6 | D75: 33 | E75: 5.5
A76: Luva de proteção | B76: par | C76: 0.5 | D76: 23.7 | E76: 47.4
A77: Óculos de proteção de radiação solar | B77: Unidade | C77: 6 | D77: 15 | E77: 2.5
A78: Protetor solar FPS 30 | B78: frasco 120g | C78: 2 | D78: 26 | E78: 13
A79: Quantidade de trabalhadores | C79: =C30 -> 1 | D79: =+SUM(E66:E78) -> 161.06667 | E79: =C79*D79 -> 161.06667
D80: Fator de util. | E80: 0.9091 | F80: =E79*E80 -> 146.42571
A82: 2. Custo Mensal com Uniformes e EPIs | F82: =+F80 -> 146.42571
A84: 3. Administração Local/Veículo de Apoio
A85: Discriminação | B85: Unidade | C85: Quantidade | D85: Custo unitário | E85: Subtotal | F85: Total (R$)
A86: Custo do veículo de apoio (manut/deprec. Comb e outros) 1km/dia | B86: Km/rodados/mês | C86: =21*1 -> 21 | D86: 2.2 | E86: =C86*D86 -> 46.2
A87: Instalação para Escritório Administrativo (aluguel e despesas do local) | B87: mês | C87: 1 | D87: 100 | E87: =C87*D87 -> 100
D88: Fator de utilização | E88: 1 | F88: =SUM(E86:E87) -> 146.2
A91: CUSTO TOTAL MENSAL COM DESPESAS OPERACIONAIS (R$/mês) | F91: =F61+F82+F88 -> 5582.5884
A93: 4. Benefícios e Despesas Indiretas
A94: Discriminação | B94: Unidade | C94: Quantidade | D94: Custo unitário | E94: Subtotal | F94: Total (R$)
A95: Benefícios e despesas indiretas | B95: % | C95: ='10. BDI'!C17 -> 0.2365 | D95: =F91 -> 5582.5884 | E95: =D95*C95 -> 1320.2822
A97: 4. Custo Mensal Com BDI | F97: =E95 -> 1320.2822
A99: PREÇO MENSAL TOTAL | F99: =F61+F82+F97+F88 -> 6902.8706
A101: PREÇO MENSAL POR FUNCIONÁRIO | F101: =F99/C79 -> 6902.8706
A103: PREÇO MENSAL POR HORA | B103: 167.14 | C103: hrs/func/mês | F103: =F101/B103 -> 41.299932
A105: Obs: cada empresa deverá prever seus encargos sociais e impostos conforme determina a legislação de sua atividade.

Sheet 4. Recepcionista Geral
A1: PLANILHA DE CUSTOS
A2: 4. Contratação Serviços de Recepcionista em setores diversos
A4: Planilha de Composição de Custos
A6: Orçamento Sintético
A7: Descrição do Item | E7: Custo (R$/mês) | F7: %
A8: =A22 -> 1. Mão-de-obra | E8: =+F61 -> 14250.763 | F8: =IFERROR(E8/$E$18,0) -> 0.78384231
A9: =A23 -> 1.1. Categoria Profissional Prestador de Serviços de Recepcionista em Geral - CBO 4221 | E9: =F31 -> 11542.748 | F9: =IFERROR(E9/$E$18,0) -> 0.63489193
A10: =A33 -> 1.2. Supervisor/Encarregado | E10: =F41 -> 416.75727 | F10: =IFERROR(E10/$E$18,0) -> 0.022923122
A11: =A43 -> 1.3. Vale Transporte | E11: =F48 -> 382.92 | F11: =IFERROR(E11/$E$18,0) -> 0.021061952
A12: =A50 -> 1.4. Auxílio Alimentação | E12: =F54 -> 1811.9376 | F12: =IFERROR(E12/$E$18,0) -> 0.099662968
A13: =A56 -> 1.6. Plano de Benefício Social | E13: =F59 -> 96.4 | F13: =IFERROR(E13/$E$18,0) -> 0.0053023405
A14: =A63 -> 2. Uniformes e Equipamentos de Proteção Individual | E14: =+F73 -> 160.15312 | F14: =IFERROR(E14/$E$18,0) -> 0.0088089871
A15: =A64 -> 2.1. Uniformes e EPIs | E15: =F71 -> 160.15312 | F15: =IFERROR(E15/$E$18,0) -> 0.0088089871
A16: =A75 -> 3. Administração Local/Veículo de Apoio | E16: =F79 -> 292.4 | F16: =IFERROR(E16/$E$18,0) -> 0.016083033
A17: =A84 -> 4. Benefícios e Despesas Indiretas | E17: =F88 -> 3477.3343 | F17: =IFERROR(E17/$E$18,0) -> 0.19126567
A18: PREÇO TOTAL MENSAL | E18: =E8+E14+E17+E16 -> 18180.651 | F18: =F8+F14+F17+F16 -> 1
A20: Fator de utilização (FU) | B20: =40/44 -> 0.90909091
A22: 1. Mão-de-obra
A23: 1.1. Categoria Profissional Prestador de Serviços de Recepcionista em Geral - CBO 4221
A24: Discriminação | B24: Unidade | C24: Quantidade | D24: Custo unitário | E24: Subtotal | F24: Total (R$)
A25: Piso da categoria | B25: mês | C25: 1 | D25: 1869.5 | E25: =C25*D25 -> 1869.5
A26: Adicional de Insalubridade | B26: % | C26: 0 | D26: =SUM(E25:E25) -> 1869.5 | E26: =C26*D26/100 -> 0 | H26: Piso da categoria
A27: Soma | E27: =SUM(E25:E26) -> 1869.5 | H27: Soma
A28: Encargos Sociais | B28: % | C28: ='9. Encargos Sociais'!$C$33*100 -> 69.79 | D28: =E25+E26 -> 1869.5 | E28: =D28*C28/100 -> 1304.724 | H28: Encargos Sociais
A29: Total por Funcionário | E29: =E25+E26+E28 -> 3174.224 | H29: Total por Assistente Administrativo
A30: Total do Efetivo | B30: homem | C30: 4 | D30: =E29 -> 3174.224 | E30: =C30*D30 -> 12696.896 | H30: Total do Efetivo
D31: Fator de util. | E31: 0.9091 | F31: =(((E25+E28)*E31)+E26)*C30 -> 11542.748
A33: 1.2. Supervisor/Encarregado
A34: Discriminação | B34: Unidade | C34: Quantidade | D34: Custo unitário | E34: Subtotal | F34: Total (R$)
A35: Piso da categoria | B35: mês | C35: 1 | D35: 2700 | E35: =C35*D35 -> 2700
A36: Complemento por ser encarregado | B36: mês | C36: 1 | D36: 0 | E36: =C36*D36 -> 0
A37: Soma | E37: =E35+E36 -> 2700
A38: Encargos Sociais | B38: % | C38: ='9. Encargos Sociais'!$C$33*100 -> 69.79 | D38: =E37 -> 2700 | E38: =D38*C38/100 -> 1884.33
A39: Total por funcionário | E39: =E37+E38 -> 4584.33
A40: Total do Efetivo | B40: homem | C40: 1 | D40: =E39 -> 4584.33 | E40: =C40*D40 -> 4584.33
A41: Obs: 06 horas semanais | D41: Fator de util. | E41: =4/44 -> 0.090909091 | F41: =E40*E41 -> 416.75727
A43: 1.3. Vale Transporte
A44: Discriminação | B44: Unidade | C44: Quantidade | D44: Custo unitário | E44: Subtotal | F44: Total (R$)
A45: Vale Transporte | B45: R$ | C45: 1 | D45: 4.95
A46: Dias Trabalhados por mês | B46: dia | C46: 21
A47: Recepcionista | B47: vale | C47: =$C$46*2*(C30) -> 168 | D47: =IFERROR((($C$46*2*$D$45)-(E25*0.06*C46/C46))/($C$46*2),"-") -> 2.2792857 | E47: =IFERROR(C47*D47,"-") -> 382.92
F48: =SUM(E47:E47) -> 382.92
A50: 1.4. Auxílio Alimentação
A51: Discriminação | B51: Unidade | C51: Quantidade | D51: Custo unitário | E51: Subtotal | F51: Total (R$)
A52: =A47 -> Recepcionista | B52: unidade | C52: =C46*C30 -> 84 | D52: =25.42*0.81 -> 20.5902 | E52: =(D52*C52) -> 1729.5768
A53: Supervisor/Encarregado | B53: unidade | C53: 4 | D53: =25.42*0.81 -> 20.5902 | E53: =(D53*C53) -> 82.3608
D54: Fator de util. | E54: 1 | F54: =SUM(E52:E53)*E54 -> 1811.9376
A56: 1.6. Plano de Benefício Social
A57: Discriminação | B57: Unidade | C57: Quantidade | D57: Custo unitário | E57: Subtotal | F57: Total (R$)
A58: Plano de Benefício Social | B58: unidade | C58: =C30 -> 4 | D58: 24.1 | E58: =C58*D58 -> 96.4
D59: Fator de util. | E59: 1 | F59: =SUM(E58:E58)*E59 -> 96.4
A61: 1. Custo Mensal com Mão-de-obra | F61: =F31+F48+F54+F59+F41 -> 14250.763
A63: 2. Uniformes e Equipamentos de Proteção Individual
A64: 2.1. Uniformes e EPIs
A65: Discriminação | B65: Unidade | C65: Durabilidade (meses) | D65: Custo unitário | E65: Subtotal | F65: Total (R$)
A66: Jaqueta | B66: unidade | C66: 12 | D66: 170 | E66: =IFERROR(D66/C66,0) -> 14.166667
A67: Calça/cinto | B67: unidade | C67: 6 | D67: 80 | E67: =IFERROR(D67/C67,0) -> 13.333333
A68: Camisa | B68: unidade | C68: 6 | D68: 43 | E68: =IFERROR(D68/C68,0) -> 7.1666667
A69: Botina | B69: par | C69: 8 | D69: 75 | E69: =IFERROR(D69/C69,0) -> 9.375
A70: Quantidade de trabalhadores | C70: =C30 -> 4 | D70: =+SUM(E66:E69) -> 44.041667 | E70: =C70*D70 -> 176.16667
D71: Fator de util. | E71: 0.9091 | F71: =E70*E71 -> 160.15312
A73: 2. Custo Mensal com Uniformes e EPIs | F73: =+F71 -> 160.15312
A75: 3. Administração Local/Veículo de Apoio
A76: Discriminação | B76: Unidade | C76: Quantidade | D76: Custo unitário | E76: Subtotal | F76: Total (R$)
A77: Custo do veículo de apoio (manut/deprec. e comb) 2km/dia | B77: Km/rodados/mês | C77: =21*2 -> 42 | D77: 2.2 | E77: =C77*D77 -> 92.4
A78: Instalação para Escritório Administrativo (aluguel e despesas do local) | B78: mês | C78: 1 | D78: 200 | E78: =C78*D78 -> 200
D79: Fator de utilização | E79: 1 | F79: =SUM(E77:E78) -> 292.4
A82: CUSTO TOTAL MENSAL COM DESPESAS OPERACIONAIS (R$/mês) | F82: =F61+F73+F79 -> 14703.316
A84: 4. Benefícios e Despesas Indiretas
A85: Discriminação | B85: Unidade | C85: Quantidade | D85: Custo unitário | E85: Subtotal | F85: Total (R$)
A86: Benefícios e despesas indiretas | B86: % | C86: ='10. BDI'!C17 -> 0.2365 | D86: =F82 -> 14703.316 | E86: =D86*C86 -> 3477.3343
A88: 4. Custo Mensal Com BDI | F88: =E86 -> 3477.3343
A90: PREÇO MENSAL TOTAL | F90: =F61+F73+F88+F79 -> 18180.651
A92: PREÇO MENSAL POR FUNCIONÁRIO | F92: =F90/C70 -> 4545.1627
A94: PREÇO MENSAL POR HORA | B94: 167.14 | C94: hrs/func/mês | F94: =F92/B94 -> 27.193746
A96: Obs: cada empresa deverá prever seus encargos sociais e impostos conforme determina a legislação de sua atividade.

Sheet 5 Cozinheiro Diurno 
A1: PLANILHA DE CUSTOS
A2: 5. Contratação Serviços de Cozinheiro
A4: Planilha de Composição de Custos
A6: Orçamento Sintético
A7: Descrição do Item | E7: Custo (R$/mês) | F7: %
A8: =A20 -> 1. Mão de obra | E8: =+F63 -> 23572.084 | F8: =IFERROR(E8/$E$18,0) -> 0.78577442
A9: =A21 -> 1.1. Categoria Profissional Cozinheiro CBO 5132 | E9: =F29 -> 19294.862 | F9: =IFERROR(E9/$E$18,0) -> 0.64319338
A10: =A31 -> 1.2. Encarregado/Supervisor | E10: =F38 -> 833.51455 | F10: =IFERROR(E10/$E$18,0) -> 0.027785172
A11: =A40 -> 1.3. Vale Transporte | E11: =F45 -> 622.3824 | F11: =IFERROR(E11/$E$18,0) -> 0.020747091
A12: =A47 -> 1.4. Auxílio Alimentação | E12: =F51 -> 2676.726 | F12: =IFERROR(E12/$E$18,0) -> 0.089228546
A13: =A53 -> 1.5. Plano de Benefício Social | E13: =F56 -> 144.6 | F13: =IFERROR(E13/$E$18,0) -> 0.0048202348
A14: =A65 -> 2. Uniformes e Equipamentos de Proteção Individual | E14: =+F78 -> 396.36364 | F14: =IFERROR(E14/$E$18,0) -> 0.013212765
A15: =A66 -> 2.1. Uniformes e EPIs | E15: =F76 -> 396.36364 | F15: =IFERROR(E15/$E$18,0) -> 0.013212765
A16: =A80 -> 3. Administração Local/Veículo de apoio | E16: =F84 -> 292.4 | F16: =IFERROR(E16/$E$18,0) -> 0.0097471415
A17: =A86 -> 4. Benefícios e Despesas Indiretas (BDI) | E17: =F90 -> 5737.6906 | F17: =IFERROR(E17/$E$18,0) -> 0.19126567
A18: PREÇO TOTAL MENSAL | E18: =E8+E14+E17+E16 -> 29998.539 | F18: =F8+F14+F17+F16 -> 1
A20: 1. Mão de obra
A21: 1.1. Categoria Profissional Cozinheiro CBO 5132
A22: Discriminação | B22: Unidade | C22: Quantidade | D22: Custo unitário | E22: Subtotal | F22: Total (R$)
A23: Piso da categoria | B23: mês | C23: 1 | D23: 1736.16 | E23: =C23*D23 -> 1736.16
A24: Insalubridade | B24: % | C24: 20 | D24: =E23 -> 1736.16 | E24: =C24*D24/100 -> 347.232
A25: Soma | E25: =E23+E24 -> 2083.392
A26: Encargos Sociais | B26: % | C26: ='9. Encargos Sociais'!C33*100 -> 69.79 | D26: =E23+E24 -> 2083.392 | E26: =D26*C26/100 -> 1453.9993
A27: Total por profissional | E27: =E23+E24+E26 -> 3537.3913
A28: Total do Efetivo | B28: homem | C28: 6 | D28: =E27 -> 3537.3913 | E28: =C28*D28 -> 21224.348
D29: Fator de util. | E29: ='11 Horários'!F17 -> 0.90909091 | F29: =E28*E29 -> 19294.862
A31: 1.2. Encarregado/Supervisor
A32: Discriminação | B32: Unidade | C32: Quantidade | D32: Custo unitário | E32: Subtotal | F32: Total (R$)
A33: Piso da categoria | B33: mês | C33: 1 | D33: 2700 | E33: =C33*D33 -> 2700
A34: Soma | E34: =SUM(E33:E33) -> 2700
A35: Encargos Sociais | B35: % | C35: ='9. Encargos Sociais'!C33*100 -> 69.79 | D35: =E34 -> 2700 | E35: =D35*C35/100 -> 1884.33
A36: Total por profissional | E36: =E34+E35 -> 4584.33
A37: Total do Efetivo | B37: homem | C37: 1 | D37: =E36 -> 4584.33 | E37: =C37*D37 -> 4584.33
A38: Obs: considerado 08hrs semanais | D38: Fator de util. | E38: =8/44 -> 0.18181818 | F38: =E37*E38 -> 833.51455
A40: 1.3. Vale Transporte
A41: Discriminação | B41: Unidade | C41: Quantidade | D41: Custo unitário | E41: Subtotal | F41: Total (R$)
A42: Vale Transporte | B42: R$ | C42: 1 | D42: 4.95
A43: Média de dias Trabalhados por mês por funcionário | B43: dia | C43: 21
A44: Cuidador de Idosos | B44: vale | C44: =C43*(C28)*2 -> 252 | D44: =IFERROR((($C$43*2*$D$42)-(E23*0.06*C43/C43))/($C$43*2),"-") -> 2.4697714 | E44: =IFERROR(C44*D44,"-") -> 622.3824
F45: =SUM(E44:E44) -> 622.3824
A47: 1.4. Auxílio Alimentação
A48: Discriminação | B48: Unidade | C48: Quantidade | D48: Custo unitário | E48: Subtotal | F48: Total (R$)
A49: Auxílio Alimentação | B49: unidade | C49: =C28*C43 -> 126 | D49: =25.42*0.81 -> 20.5902 | E49: =((D49*C49)) -> 2594.3652
A50: Supervisor/Encarregado | B50: unidade | C50: 4 | D50: =25.42*0.81 -> 20.5902 | E50: =(D50*C50) -> 82.3608
D51: Fator de util. | E51: 1 | F51: =SUM(E49:E50)*E51 -> 2676.726
A53: 1.5. Plano de Benefício Social
A54: Discriminação | B54: Unidade | C54: Quantidade | D54: Custo unitário | E54: Subtotal | F54: Total (R$)
A55: Plano de Benefício Social | B55: unidade | C55: =C28 -> 6 | D55: 24.1 | E55: =C55*D55 -> 144.6
D56: Fator de util. | E56: 1 | F56: =SUM(E55:E55)*E56 -> 144.6
A63: 1. Custo Mensal com mão de obra | F63: =F51+F38+F45+F56+F29 -> 23572.084
A65: 2. Uniformes e Equipamentos de Proteção Individual
A66: 2.1. Uniformes e EPIs
A67: Discriminação | B67: Unidade | C67: Durabilidade (meses) | D67: Custo unitário | E67: Subtotal | F67: Total (R$)
A68: Jaqueta com reflexivo (NBR 15.292) | B68: unidade | C68: 12 | D68: 170 | E68: =IFERROR(D68/C68,0) -> 14.166667
A69: Calça | B69: unidade | C69: 6 | D69: 75 | E69: =IFERROR(D69/C69,0) -> 12.5
A70: Camisa manga curta | B70: unidade | C70: 6 | D70: 40 | E70: =IFERROR(D70/C70,0) -> 6.6666667
A71: Camisa manga longa | B71: unidade | C71: 6 | D71: 43 | E71: =IFERROR(D71/C71,0) -> 7.1666667
A72: Botina, ou tenis compatível | B72: par | C72: 6 | D72: 75 | E72: =IFERROR(D72/C72,0) -> 12.5
A73: Jaleco de manga curta/Colete reflexivo | B73: unidade | C73: 6 | D73: 55 | E73: =IFERROR(D73/C73,0) -> 9.1666667
A74: Luva latex para limpeza | B74: par | C74: =0.5/21 -> 0.023809524 | D74: 0.25 | E74: =IFERROR(D74/C74,0) -> 10.5
A75: Quantidade de trabalhadores (concedido 02 uniformes p/colaborador) | C75: =C28 -> 6 | D75: =+SUM(E68:E74) -> 72.666667 | E75: =C75*D75 -> 436
D76: Fator de util. | E76: =E29 -> 0.90909091 | F76: =E75*E76 -> 396.36364
A78: 2. Custo Mensal com Uniformes e EPIs | F78: =+F76 -> 396.36364
A80: 3. Administração Local/Veículo de apoio
A81: Discriminação | B81: Unidade | C81: Quantidade | D81: Custo unitário | E81: Subtotal | F81: Total (R$)
A82: Custo do veículo de apoio (manut/deprec. e comb) 2km/dia | B82: KM | C82: =2*21 -> 42 | D82: 2.2 | E82: =D82*C82 -> 92.4
A83: Instalação para Escritório Administrativo (aluguel e despesas do local) | B83: mês | C83: 1 | D83: 200 | E83: =D83*C83 -> 200
D84: Fator de util. | E84: 1 | F84: =E83+E82 -> 292.4
A86: 4. Benefícios e Despesas Indiretas (BDI)
A87: Discriminação | B87: Unidade | C87: Quantidade | D87: Custo unitário | E87: Subtotal | F87: Total (R$)
A88: Benefícios e despesas indiretas | B88: % | C88: ='10. BDI'!C17 -> 0.2365 | D88: =F63+F78+F84 -> 24260.848 | E88: =D88*C88 -> 5737.6906
A90: 4. Custo Mensal Com BDI | F90: =E88 -> 5737.6906
A92: PREÇO MENSAL TOTAL | F92: =F63+F78+F90+F84 -> 29998.539
A94: PREÇO MENSAL POR FUNCIONÁRIO | F94: =F92/C75 -> 4999.7564
A96: PREÇO MENSAL POR HORA | B96: 167.14 | C96: hrs/func/mês | F96: =F94/B96 -> 29.913584
A98: OBS: cada empresa deverá prever seus encargos/impostos conforme determina a legislação de sua atividade.

Sheet 6. Vigia Noturno
A1: PLANILHA DE CUSTOS
A2: 6. Contratação Serviços de Vigia Noturno
A4: Planilha de Composição de Custos
A6: Orçamento Sintético
A7: Descrição do Item | E7: Custo (R$/mês) | F7: %
A8: =A26 -> 1. Mão de obra | E8: =+F66 -> 17575.257 | F8: =IFERROR(E8/$E$18,0) -> 0.7832359
A9: =A27 -> 1.1. Categoria Profissional de Vigia CBO 5174 (02 Postos de 12 horas noturnas 12/36) | E9: =F36 -> 15669.362 | F9: =IFERROR(E9/$E$18,0) -> 0.69830027
A10: =A38 -> 1.2. Encarregado/Supervisor | E10: =F45 -> 416.75727 | F10: =IFERROR(E10/$E$18,0) -> 0.018572659
A11: =A47 -> 1.3. Vale Transporte | E11: =F52 -> 116.1456 | F11: =IFERROR(E11/$E$18,0) -> 0.0051759928
A12: =A54 -> 1.5. Auxílio Alimentação | E12: =F58 -> 1276.5924 | F12: =IFERROR(E12/$E$18,0) -> 0.056890946
A13: =A60 -> 1.6. Plano de Benefício Social | E13: =F64 -> 96.4 | F13: =IFERROR(E13/$E$18,0) -> 0.0042960362
A14: =A68 -> 2. Uniformes e Equipamentos de Proteção Individual | E14: =+F78 -> 176.16667 | F14: =IFERROR(E14/$E$18,0) -> 0.0078508131
A15: =A69 -> 2.1. Uniformes e EPIs | E15: =F76 -> 176.16667 | F15: =IFERROR(E15/$E$18,0) -> 0.0078508131
A16: =A80 -> 3. Administração Local/Veículo de apoio | E16: =F84 -> 396 | F16: =IFERROR(E16/$E$18,0) -> 0.017647618
A17: =A86 -> 4. Benefícios e Despesas Indiretas (BDI) | E17: =F90 -> 4291.8657 | F17: =IFERROR(E17/$E$18,0) -> 0.19126567
A18: PREÇO TOTAL MENSAL | E18: =E8+E14+E17+E16 -> 22439.289 | F18: =F8+F14+F17+F16 -> 1
A20: Memória de cálculo do adicional noturno por funcionário:
A21: > 15 dias/funcion/mês x 8hrs/dia (cada hora contada equivale somente a 52 minutos e 30 segundos) = 137,14 horas mês.
A22: Obs: como os funcionários trabalham 12/36 conta como horário noturno das 22 horas às 06 horas.
A24: Fator de utilização (FU) | B24: 1
A26: 1. Mão de obra
A27: 1.1. Categoria Profissional de Vigia CBO 5174 (02 Postos de 12 horas noturnas 12/36)
A28: Discriminação | B28: Unidade | C28: Quantidade | D28: Custo unitário | E28: Subtotal | F28: Total (R$)
A29: Piso da categoria | B29: mês | C29: 1 | D29: 1991.06 | E29: =C29*D29 -> 1991.06
A30: Intervalo Intrajornada Cfe. Convenção | B30: Hrs | C30: 7.5 | D30: =E29/220 -> 9.0502727 | E30: =C30*D30 -> 67.877045
A31: Adicional noturno | B31: horas | C31: 137.14 | D31: =E29/220*0.2 -> 1.8100545 | E31: =C31*D31 -> 248.23088
A32: Soma | E32: =E29+E30+E31 -> 2307.1679
A33: Encargos Sociais | B33: % | C33: ='9. Encargos Sociais'!C33*100 -> 69.79 | D33: =E29+E31+E30 -> 2307.1679 | E33: =C33*D33/100 -> 1610.1725
A34: Total por profissional | E34: =E29+E31+E33+E30 -> 3917.3404
A35: Total do Efetivo | B35: homem | C35: 4 | D35: =E34 -> 3917.3404 | E35: =C35*D35 -> 15669.362
D36: Fator de util. | E36: =$B$24 -> 1 | F36: =E35*E36 -> 15669.362
A38: 1.2. Encarregado/Supervisor
A39: Discriminação | B39: Unidade | C39: Quantidade | D39: Custo unitário | E39: Subtotal | F39: Total (R$)
A40: Piso da categoria | B40: mês | C40: 1 | D40: 2700 | E40: =C40*D40 -> 2700
A41: Soma | E41: =SUM(E40:E40) -> 2700
A42: Encargos Sociais | B42: % | C42: ='9. Encargos Sociais'!C33*100 -> 69.79 | D42: =E41 -> 2700 | E42: =D42*C42/100 -> 1884.33
A43: Total por profissional | E43: =E41+E42 -> 4584.33
A44: Total do Efetivo | B44: homem | C44: 1 | D44: =E43 -> 4584.33 | E44: =C44*D44 -> 4584.33
A45: Obs: considerado 4hrs semanais | D45: Fator de util. | E45: =4/44 -> 0.090909091 | F45: =E44*E45 -> 416.75727
A47: 1.3. Vale Transporte
A48: Discriminação | B48: Unidade | C48: Quantidade | D48: Custo unitário | E48: Subtotal | F48: Total (R$)
A49: Vale Transporte | B49: R$ | C49: 1 | D49: 4.95
A50: Média de dias Trabalhados por mês por Vigia | B50: dia | C50: 15
A51: Vigia | B51: vale | C51: =C50*C35*2 -> 120 | D51: =IFERROR((($C$50*2*$D$49)-(E29*0.06*C50/C50))/($C$50*2),"-") -> 0.96788 | E51: =IFERROR(C51*D51,"-") -> 116.1456
F52: =SUM(E51:E51) -> 116.1456
A54: 1.5. Auxílio Alimentação
A55: Discriminação | B55: Unidade | C55: Quantidade | D55: Custo unitário | E55: Subtotal | F55: Total (R$)
A56: Auxílio Alimentação | B56: unidade | C56: =C35*C50 -> 60 | D56: =25.42*0.81 -> 20.5902 | E56: =((D56*C56)) -> 1235.412
A57: Supervisor/Encarregado | B57: unidade | C57: 2 | D57: =25.42*0.81 -> 20.5902 | E57: =(D57*C57) -> 41.1804
D58: Fator de util. | E58: 1 | F58: =SUM(E56:E57)*E58 -> 1276.5924
A60: 1.6. Plano de Benefício Social
A61: Discriminação | B61: Unidade | C61: Quantidade | D61: Custo unitário | E61: Subtotal | F61: Total (R$)
A62: Plano de Benefício Social | B62: unidade | C62: =C35 -> 4 | D62: 24.1 | E62: =C62*D62 -> 96.4
B63: unidade | C63: 0 | D63: 0
D64: Fator de util. | E64: 1 | F64: =SUM(E62:E63)*E64 -> 96.4
A66: 1. Custo Mensal com mão de obra | F66: =F58+F45+F52+F64+F36 -> 17575.257
A68: 2. Uniformes e Equipamentos de Proteção Individual
A69: 2.1. Uniformes e EPIs
A70: Discriminação | B70: Unidade | C70: Durabilidade (meses) | D70: Custo unitário | E70: Subtotal | F70: Total (R$)
A71: Jaqueta | B71: unidade | C71: 12 | D71: 170 | E71: =IFERROR(D71/C71,0) -> 14.166667
A72: Calça/cinto | B72: unidade | C72: 6 | D72: 80 | E72: =IFERROR(D72/C72,0) -> 13.333333
A73: Camisa | B73: unidade | C73: 6 | D73: 43 | E73: =IFERROR(D73/C73,0) -> 7.1666667
A74: Botina | B74: par | C74: 8 | D74: 75 | E74: =IFERROR(D74/C74,0) -> 9.375
A75: Quantidade de trabalhadores (concedido 02 uniformes p/colaborador) | C75: =C62 -> 4 | D75: =+SUM(E71:E74) -> 44.041667 | E75: =C75*D75 -> 176.16667
D76: Fator de util. | E76: =$B$24 -> 1 | F76: =E75*E76 -> 176.16667
A78: 2. Custo Mensal com Uniformes e EPIs | F78: =+F76 -> 176.16667
A80: 3. Administração Local/Veículo de apoio
A81: Discriminação | B81: Unidade | C81: Quantidade | D81: Custo unitário | E81: Subtotal | F81: Total (R$)
A82: Custo do veículo de apoio (manut/deprec. e comb) 6km/dia | B82: KM | C82: =6*30 -> 180 | D82: 2.2 | E82: =D82*C82 -> 396
A83: Instalação para Escritório Administrativo (aluguel e despesas do local) | B83: mês | D83: 100 | E83: =D83*C83 -> 0
D84: Fator de util. | E84: 1 | F84: =E83+E82 -> 396
A86: 4. Benefícios e Despesas Indiretas (BDI)
A87: Discriminação | B87: Unidade | C87: Quantidade | D87: Custo unitário | E87: Subtotal | F87: Total (R$)
A88: Benefícios e despesas indiretas | B88: % | C88: ='10. BDI'!C17 -> 0.2365 | D88: =F66+F78+F84 -> 18147.424 | E88: =D88*C88 -> 4291.8657
A90: 4. Custo Mensal Com BDI | F90: =E88 -> 4291.8657
A92: PREÇO MENSAL TOTAL | F92: =F66+F78+F90+F84 -> 22439.289
A94: PREÇO MENSAL POR FUNCIONÁRIO | F94: =F92/C75 -> 5609.8223
A96: PREÇO MENSAL POR HORA | B96: =15*12 -> 180 | C96: hrs/func/mês | F96: =F94/B96 -> 31.16568
A98: OBS: cada empresa deverá prever seus encargos/impostos conforme determina a legislação de sua atividade.

Sheet 7. Porteiro Diurno
A1: PLANILHA DE CUSTOS
A2: 7. Contratação Serviços de Portaria Diurno
A4: Planilha de Composição de Custos
A6: Orçamento Sintético
A7: Descrição do Item | E7: Custo (R$/mês) | F7: %
A8: =A22 -> 1. Mão de obra | E8: =+F67 -> 10316.081 | F8: =IFERROR(E8/$E$18,0) -> 0.78625696
A9: =A23 -> 1.1. Categoria Profissional de Portaria CBO 5174 | E9: =F32 -> 8452.3203 | F9: =IFERROR(E9/$E$18,0) -> 0.6442074
A10: =A34 -> 1.2. Encarregado/Supervisor | E10: =F41 -> 208.37864 | F10: =IFERROR(E10/$E$18,0) -> 0.015881918
A11: =A43 -> 1.3. Vale Transporte | E11: =F48 -> 265.3092 | F11: =IFERROR(E11/$E$18,0) -> 0.020220974
A12: =A50 -> 1.5. Auxílio Alimentação | E12: =F54 -> 1317.7728 | F12: =IFERROR(E12/$E$18,0) -> 0.10043621
A13: =A56 -> 1.6. Plano de Benefício Social | E13: =F60 -> 72.3 | F13: =IFERROR(E13/$E$18,0) -> 0.0055104627
A14: =A69 -> 2. Uniformes e Equipamentos de Proteção Individual | E14: =+F79 -> 110.11418 | F14: =IFERROR(E14/$E$18,0) -> 0.0083925319
A15: =A70 -> 2.1. Uniformes e EPIs | E15: =F77 -> 110.11418 | F15: =IFERROR(E15/$E$18,0) -> 0.0083925319
A16: =A81 -> 3. Administração Local/Veículo de apoio | E16: =F85 -> 184.8 | F16: =IFERROR(E16/$E$18,0) -> 0.014084834
A17: =A87 -> 4. Benefícios e Despesas Indiretas (BDI) | E17: =F91 -> 2509.5003 | F17: =IFERROR(E17/$E$18,0) -> 0.19126567
A18: PREÇO TOTAL MENSAL | E18: =E8+E14+E17+E16 -> 13120.495 | F18: =F8+F14+F17+F16 -> 1
A20: Fator de utilização (FU) | B20: ='11 Horários'!F49 -> 0.83340909
A22: 1. Mão de obra
A23: 1.1. Categoria Profissional de Portaria CBO 5174
A24: Discriminação | B24: Unidade | C24: Quantidade | D24: Custo unitário | E24: Subtotal | F24: Total (R$)
A25: Piso da categoria | B25: mês | C25: 1 | D25: 1991.06 | E25: =C25*D25 -> 1991.06
A26: Intervalo Intrajornada Cfe. Convenção | B26: Hrs | C26: 0 | D26: =E25/220 -> 9.0502727 | E26: =C26*D26 -> 0
A27: Adicional noturno | B27: horas | C27: 0 | D27: =E25/220*0.2 -> 1.8100545 | E27: =C27*D27 -> 0
A28: Soma | E28: =E25+E26+E27 -> 1991.06
A29: Encargos Sociais | B29: % | C29: ='9. Encargos Sociais'!C33*100 -> 69.79 | D29: =E25+E27+E26 -> 1991.06 | E29: =C29*D29/100 -> 1389.5608
A30: Total por profissional | E30: =E25+E27+E29+E26 -> 3380.6208
A31: Total do Efetivo | B31: homem | C31: 3 | D31: =E30 -> 3380.6208 | E31: =C31*D31 -> 10141.862
D32: Fator de util. | E32: =B20 -> 0.83340909 | F32: =E31*E32 -> 8452.3203
A34: 1.2. Encarregado/Supervisor
A35: Discriminação | B35: Unidade | C35: Quantidade | D35: Custo unitário | E35: Subtotal | F35: Total (R$)
A36: Piso da categoria | B36: mês | C36: 1 | D36: 2700 | E36: =C36*D36 -> 2700
A37: Soma | E37: =SUM(E36:E36) -> 2700
A38: Encargos Sociais | B38: % | C38: ='9. Encargos Sociais'!C33*100 -> 69.79 | D38: =E37 -> 2700 | E38: =D38*C38/100 -> 1884.33
A39: Total por profissional | E39: =E37+E38 -> 4584.33
A40: Total do Efetivo | B40: homem | C40: 1 | D40: =E39 -> 4584.33 | E40: =C40*D40 -> 4584.33
A41: Obs: considerado 2hrs semanais | D41: Fator de util. | E41: =2/44 -> 0.045454545 | F41: =E40*E41 -> 208.37864
A43: 1.3. Vale Transporte
A44: Discriminação | B44: Unidade | C44: Quantidade | D44: Custo unitário | E44: Subtotal | F44: Total (R$)
A45: Vale Transporte | B45: R$ | C45: 1 | D45: 4.95
A46: Média de dias Trabalhados por mês por porteiro | B46: dia | C46: 21
A47: Porteiro | B47: vale | C47: =C46*C31*2 -> 126 | D47: =IFERROR((($C$46*2*$D$45)-(E25*0.06*C46/C46))/($C$46*2),"-") -> 2.1056286 | E47: =IFERROR(C47*D47,"-") -> 265.3092
F48: =SUM(E47:E47) -> 265.3092
A50: 1.5. Auxílio Alimentação
A51: Discriminação | B51: Unidade | C51: Quantidade | D51: Custo unitário | E51: Subtotal | F51: Total (R$)
A52: Auxílio Alimentação | B52: unidade | C52: =C31*C46 -> 63 | D52: =25.42*0.81 -> 20.5902 | E52: =((D52*C52)) -> 1297.1826
A53: Supervisor/Encarregado | B53: unidade | C53: 1 | D53: =25.42*0.81 -> 20.5902 | E53: =(D53*C53) -> 20.5902
D54: Fator de util. | E54: 1 | F54: =SUM(E52:E53)*E54 -> 1317.7728
A56: 1.6. Plano de Benefício Social
A57: Discriminação | B57: Unidade | C57: Quantidade | D57: Custo unitário | E57: Subtotal | F57: Total (R$)
A58: Plano de Benefício Social | B58: unidade | C58: =C31 -> 3 | D58: 24.1 | E58: =C58*D58 -> 72.3
B59: unidade | C59: 0 | D59: 0
D60: Fator de util. | E60: 1 | F60: =SUM(E58:E59)*E60 -> 72.3
A67: 1. Custo Mensal com mão de obra | F67: =F54+F41+F48+F60+F32 -> 10316.081
A69: 2. Uniformes e Equipamentos de Proteção Individual
A70: 2.1. Uniformes e EPIs
A71: Discriminação | B71: Unidade | C71: Durabilidade (meses) | D71: Custo unitário | E71: Subtotal | F71: Total (R$)
A72: Jaqueta | B72: unidade | C72: 12 | D72: 170 | E72: =IFERROR(D72/C72,0) -> 14.166667
A73: Calça/cinto | B73: unidade | C73: 6 | D73: 80 | E73: =IFERROR(D73/C73,0) -> 13.333333
A74: Camisa | B74: unidade | C74: 6 | D74: 43 | E74: =IFERROR(D74/C74,0) -> 7.1666667
A75: Botina | B75: par | C75: 8 | D75: 75 | E75: =IFERROR(D75/C75,0) -> 9.375
A76: Quantidade de trabalhadores (concedido 02 uniformes p/colaborador) | C76: =C58 -> 3 | D76: =+SUM(E72:E75) -> 44.041667 | E76: =C76*D76 -> 132.125
D77: Fator de util. | E77: =$B$20 -> 0.83340909 | F77: =E76*E77 -> 110.11418
A79: 2. Custo Mensal com Uniformes e EPIs | F79: =+F77 -> 110.11418
A81: 3. Administração Local/Veículo de apoio
A82: Discriminação | B82: Unidade | C82: Quantidade | D82: Custo unitário | E82: Subtotal | F82: Total (R$)
A83: Custo do veículo de apoio (manut/deprec. e comb) 4km/dia | B83: KM | C83: =4*21 -> 84 | D83: 2.2 | E83: =D83*C83 -> 184.8
A84: Instalação para Escritório Administrativo (aluguel e despesas do local) | B84: mês | D84: 100 | E84: =D84*C84 -> 0
D85: Fator de util. | E85: 1 | F85: =E84+E83 -> 184.8
A87: 4. Benefícios e Despesas Indiretas (BDI)
A88: Discriminação | B88: Unidade | C88: Quantidade | D88: Custo unitário | E88: Subtotal | F88: Total (R$)
A89: Benefícios e despesas indiretas | B89: % | C89: ='10. BDI'!C17 -> 0.2365 | D89: =F67+F79+F85 -> 10610.995 | E89: =D89*C89 -> 2509.5003
A91: 4. Custo Mensal Com BDI | F91: =E89 -> 2509.5003
A93: PREÇO MENSAL TOTAL | F93: =F67+F79+F91+F85 -> 13120.495
A95: PREÇO MENSAL POR FUNCIONÁRIO | F95: =F93/C76 -> 4373.4985
A97: PREÇO MENSAL POR HORA | B97: 154.04 | C97: hrs/func/mês | F97: =F95/B97 -> 28.391966
A99: OBS: cada empresa deverá prever seus encargos/impostos conforme determina a legislação de sua atividade.

Sheet 8. Vigilante Diurno
A1: PLANILHA DE CUSTOS
A2: 8 - Contratação Serviços de Vigilante - Diurno
A4: Planilha de Composição de Custos
A6: Orçamento Sintético
A7: Descrição do Item | E7: Custo (R$/mês) | F7: %
A8: =A38 -> 1. Mão de obra | E8: =+F90 -> 13604.719 | F8: =IFERROR(E8/$E$19,0) -> 0.74849329
A9: =A39 -> 1.1. Categoria Profissional de Vigilante Armado - CBO 5173 | E9: =F49 -> 11619.022 | F9: =IFERROR(E9/$E$19,0) -> 0.63924585
A10: =A51 -> 1.2. Encarregado/Supervisor | E10: =F58 -> 208.37864 | F10: =IFERROR(E10/$E$19,0) -> 0.011464406
A11: =A60 -> 1.3. Vale Transporte | E11: =F65 -> 244.728 | F11: =IFERROR(E11/$E$19,0) -> 0.013464245
A12: =A67 -> 1.4. Auxílio Alimentação | E12: =F71 -> 1532.5902 | F12: =IFERROR(E12/$E$19,0) -> 0.084318795
A13: =A73 -> 1.4. Vale Transporte | E13: =F78 -> 0 | F13: =IFERROR(E13/$E$19,0) -> 0
A14: =A80 -> 1.5. Plano de Benefício Social | E14: =F83 -> 0 | F14: =IFERROR(E14/$E$19,0) -> 0
A15: =A92 -> 2. Uniformes e Equipamentos de Proteção Individual | E15: =+F103 -> 132.19952 | F15: =IFERROR(E15/$E$19,0) -> 0.007273245
A16: =A93 -> 2.1. Uniformes e EPIs | E16: =F101 -> 132.19952 | F16: =IFERROR(E16/$E$19,0) -> 0.007273245
A17: =A105 -> 3. Veículo de apoio para deslocamento e materiais de consumo | E17: =F112 -> 962.75 | F17: =IFERROR(E17/$E$19,0) -> 0.052967793
A18: =A114 -> 4. Benefícios e Despesas Indiretas (BDI) | E18: =F118 -> 3476.4715 | F18: =IFERROR(E18/$E$19,0) -> 0.19126567
A19: PREÇO TOTAL MENSAL | E19: =E8+E15+E18+E17 -> 18176.14 | F19: =F8+F15+F18+F17 -> 1
A22: Quantitativos
A23: Mão de obra | E23: Quantidade
A24: a) Categoria: Profissional de prestador de serviços de vigilante CBO 5173
A25: Piso da categoria 220 horas mensais | E25: 2105.4
A26: Adicional noturno (das 22h às 05h) total de horas | E26: 0
A27: Tempo trabalho por mês (Horas) | E27: 220
A28: =+A51 -> 1.2. Encarregado/Supervisor
A31: Total de mão de obra | E31: 3
A36: Fator de utilização (FU) | B36: ='11 Horários'!F49 -> 0.83340909
A38: 1. Mão de obra
A39: 1.1. Categoria Profissional de Vigilante Armado - CBO 5173
A40: Discriminação | B40: Unidade | C40: Quantidade | D40: Custo unitário | E40: Subtotal | F40: Total (R$)
A41: Piso da categoria | B41: mês | C41: 1 | D41: =E25 -> 2105.4 | E41: =C41*D41 -> 2105.4
A42: Adicional de Periculosidade | B42: % | C42: 0.3 | D42: =E41 -> 2105.4 | E42: =D42*C42 -> 631.62
A43: Intervalo Intrajornada Cfe. Convenção (50% do valor) | B43: Hrs | C43: 0 | D43: 14.35 | E43: =C43*D43 -> 0
A44: Adicional noturno | B44: horas | C44: 0 | D44: =E41/220*0.2 -> 1.914 | E44: =C44*D44 -> 0
A45: Soma | E45: =SUM(E41:E44) -> 2737.02
A46: Encargos Sociais | B46: % | C46: ='9. Encargos Sociais'!C33*100 -> 69.79 | D46: =E45 -> 2737.02 | E46: =D46*C46/100 -> 1910.1663
A47: Total por profissional | E47: =SUM(E45:E46) -> 4647.1863
A48: Total do Efetivo | B48: homem | C48: =E31 -> 3 | D48: =E47 -> 4647.1863 | E48: =C48*D48 -> 13941.559
D49: Fator de util. | E49: =$B$36 -> 0.83340909 | F49: =E48*E49 -> 11619.022
A51: 1.2. Encarregado/Supervisor
A52: Discriminação | B52: Unidade | C52: Quantidade | D52: Custo unitário | E52: Subtotal | F52: Total (R$)
A53: Piso da categoria | B53: mês | C53: 1 | D53: 2700 | E53: =C53*D53 -> 2700
A54: Soma | E54: =SUM(E53:E53) -> 2700
A55: Encargos Sociais | B55: % | C55: ='9. Encargos Sociais'!C33*100 -> 69.79 | D55: =E54 -> 2700 | E55: =D55*C55/100 -> 1884.33
A56: Total por profissional | E56: =E54+E55 -> 4584.33
A57: Total do Efetivo | B57: homem | C57: 1 | D57: =E56 -> 4584.33 | E57: =C57*D57 -> 4584.33
A58: Obs: considerado 2hrs semanais | D58: Fator de util. | E58: =2/44 -> 0.045454545 | F58: =E57*E58 -> 208.37864
A60: 1.3. Vale Transporte
A61: Discriminação | B61: Unidade | C61: Quantidade | D61: Custo unitário | E61: Subtotal | F61: Total (R$)
A62: Vale Transporte | B62: R$ | C62: 1 | D62: 4.95
A63: Média de dias Trabalhados por mês por Vigilante | B63: dia | C63: 21
A64: Vigilante | B64: vale | C64: =C63*C48*2 -> 126 | D64: =IFERROR((($C$63*2*$D$62)-(E41*0.06*C63/C63))/($C$63*2),"-") -> 1.9422857 | E64: =IFERROR(C64*D64,"-") -> 244.728
F65: =SUM(E64:E64) -> 244.728
A67: 1.4. Auxílio Alimentação
A68: Discriminação | B68: Unidade | C68: Quantidade | D68: Custo unitário | E68: Subtotal | F68: Total (R$)
A69: Vigilante | B69: unidade | C69: =C63*C48 -> 63 | D69: =30*0.8 -> 24 | E69: =((D69*C69)) -> 1512
A70: Supervisor | B70: unidade | C70: 1 | D70: =25.42*0.81 -> 20.5902 | E70: =((D70*C70)) -> 20.5902
D71: Fator de util. | E71: 1 | F71: =SUM(E69:E70)*E71 -> 1532.5902
A73: 1.4. Vale Transporte
A74: Discriminação | B74: Unidade | C74: Quantidade | D74: Custo unitário | E74: Subtotal | F74: Total (R$)
A75: Vale Transporte | B75: R$ | C75: 1 | D75: 3.5
A76: Média de dias Trabalhados por mês por Vigilante | B76: dia | C76: 15
A77: Vigilante | B77: vale | C77: =C76*E31*2 -> 90 | D77: =D75-((E41*0.06)/30) -> -0.7108 | E77: =IFERROR(C77*D77,"-") -> -63.972
F78: =SUM(E77:E77)-E77 -> 0
A80: 1.5. Plano de Benefício Social
A81: Discriminação | B81: Unidade | C81: Quantidade | D81: Custo unitário | E81: Subtotal | F81: Total (R$)
A82: Plano de Benefício Social | B82: unidade | C82: 0 | D82: 24.1 | E82: =C82*D82 -> 0
D83: Fator de util. | E83: 1 | F83: =SUM(E82:E82)*E83 -> 0
A90: 1. Custo Mensal com mão de obra | F90: =F71+F58+F65+F78+F83+F49 -> 13604.719
A92: 2. Uniformes e Equipamentos de Proteção Individual
A93: 2.1. Uniformes e EPIs
A94: Discriminação | B94: Unidade | C94: Durabilidade (meses) | D94: Custo unitário | E94: Subtotal | F94: Total (R$)
A95: Calça | B95: unidade | C95: 6 | D95: 100 | E95: =IFERROR(D95/C95,0) -> 16.666667
A96: Cinto operacional | B96: unidade | C96: 12 | D96: 29 | E96: =IFERROR(D96/C96,0) -> 2.4166667
A97: Jaqueta | B97: unidade | C97: 12 | D97: 170 | E97: =IFERROR(D97/C97,0) -> 14.166667
A98: Camisa | B98: unidade | C98: 8 | D98: 82 | E98: =IFERROR(D98/C98,0) -> 10.25
A99: Botina | B99: par | C99: 8 | D99: 75 | E99: =IFERROR(D99/C99,0) -> 9.375
A100: Quantidade de trabalhadores (concedido 02 uniformes p/colaborador) | C100: =E31 -> 3 | D100: =+SUM(E95:E99) -> 52.875 | E100: =C100*D100 -> 158.625
D101: Fator de util. | E101: =$B$36 -> 0.83340909 | F101: =E100*E101 -> 132.19952
A103: 2. Custo Mensal com Uniformes e EPIs | F103: =+F101 -> 132.19952
A105: 3. Veículo de apoio para deslocamento e materiais de consumo
A106: Discriminação | B106: Unidade | C106: Quantidade | D106: Custo unitário | E106: Subtotal | F106: Total (R$)
A107: Tonfa em fibra | B107: Unid/anual | C107: 3 | D107: 44 | E107: =(D107*C107)/12 -> 11
A108: Apitos de metal | B108: Unid/anual | C108: 3 | D108: 10 | E108: =(D108*C108)/12 -> 2.5
A109: livro de ocorrência | B109: Unid/anual | C109: =C107 -> 3 | D109: 37 | E109: =(D109*C109)/12 -> 9.25
A110: 03 Revólveres calibre 38 – 5 tiros – novo, com os devidos registros nos órgãos competentes (com cartuchos e carregador) | B110: Durabilidade/ Meses | C110: 60 | D110: =5600*3 -> 16800 | E110: =IFERROR(D110/C110,0) -> 280
A111: Custo do veículo de apoio para Supervisor (10km dia) | B111: KM/mês | C111: =10*30 -> 300 | D111: 2.2 | E111: =D111*C111 -> 660
D112: Fator de util. | E112: 1 | F112: =SUM(E107:E111)*E112 -> 962.75
A114: 4. Benefícios e Despesas Indiretas (BDI)
A115: Discriminação | B115: Unidade | C115: Quantidade | D115: Custo unitário | E115: Subtotal | F115: Total (R$)
A116: Benefícios e despesas indiretas | B116: % | C116: ='10. BDI'!C17 -> 0.2365 | D116: =F90+F103+F112 -> 14699.668 | E116: =D116*C116 -> 3476.4715
A118: 4. Custo Mensal Com BDI | F118: =E116 -> 3476.4715
A120: PREÇO MENSAL TOTAL | F120: =F90+F103+F118+F112 -> 18176.14
A122: PREÇO MENSAL POR FUNCIONÁRIO | F122: =F120/C48 -> 6058.7132
A124: PREÇO MENSAL POR HORA | B124: 154.04 | C124: hrs/func/mês | F124: =F122/B124 -> 39.332078
A126: OBS: cada empresa deverá prever seus encargos/impostos conforme determina a legislação de sua atividade.

Sheet 9. Encargos Sociais
A1: Orientações para preenchimento:
A3: Composição dos Encargos Sociais
A4: Código | B4: Descrição | C4: Valor
A5: A1 | B5: INSS | C5: 0.2
A6: A2 | B6: SESI | C6: 0.015
A7: A3 | B7: SENAI | C7: 0.01
A8: A4 | B8: INCRA | C8: 0.002
A9: A5 | B9: SEBRAE | C9: 0.006
A10: A6 | B10: Salário educação | C10: 0.025
A11: A7 | B11: Seguro contra acidentes de trabalho | C11: 0.03
A12: A8 | B12: FGTS | C12: 0.08
A13: A | B13: SOMA GRUPO A | C13: =SUM(C5:C12) -> 0.368
A15: B1 | B15: Férias gozadas | C15: 0.065
A16: B2 | B16: 13º salário | C16: 0.0833
A17: B3 | B17: Licença Maternidade/Paternidade | C17: 0.0006
A18: B4 | B18: Faltas justificadas | C18: 0.005
A19: B5 | B19: Auxilio acidente de trabalho | C19: 0.0031
A20: B6 | B20: Auxilio doença | C20: 0.005
A21: B | B21: SOMA GRUPO B | C21: =SUM(C15:C20) -> 0.162
A23: C1 | B23: Aviso prévio indenizado | C23: 0.023
A24: C2 | B24: Férias indenizadas | C24: 0.0461
A25: C3 | B25: Férias indenizadas s/ aviso previo inden. | C25: 0.0041
A26: C4 | B26: Depósito rescisão sem justa causa | C26: 0.024
A27: C5 | B27: Indenização adicional | C27: 0.0026
A28: C | B28: SOMA GRUPO C | C28: =SUM(C23:C27) -> 0.0998
A30: D1 | B30: Reincidência de Grupo A sobre Grupo B | C30: =ROUND(C13*C21,4) -> 0.0596
A31: D2 | B31: Reincidência de Grupo A sobre aviso prévio indenizado | C31: =ROUND((C23*C13),4) -> 0.0085
A32: D | B32: SOMA GRUPO D | C32: =SUM(C30:C31) -> 0.0681
B33: SOMA (A+B+C+D) | C33: =C32+C28+C21+C13 -> 0.6979

Sheet 10. BDI
A1: Orientações para preenchimento:
A2: 1. Esta planilha é somente um modelo-base e deve ser ajustada conforme cada caso concreto.
A3: 2. Preencher somente células em amarelo
A6: Composição do BDI - Benefícios e Despesas Indiretas
D7: Referência estudo TCE
D8: 1° Quartil | E8: Médio | F8: 3° Quartil
A9: Administração Central | B9: AC | C9: 0.05 | D9: 0.0297 | E9: 0.0508 | F9: 0.0627
A10: Seguros/Riscos/Garantias | B10: SRG | C10: 0.0086 | D10: 0.0086 | E10: =0.48%+0.85% -> 0.0133 | F10: =0.82%+0.89% -> 0.0171
A11: Lucro | B11: L | C11: 0.1 | D11: 0.078 | E11: 0.1085 | F11: 0.1355
A12: Despesas Financeiras | B12: DF | C12: 0.0019 | D12: SELIC | E12: 0.12
A13: Tributos - ISS | B13: T | C13: 0.02 | D13: DU | E13: 5
A14: Tributos - PIS/COFINS | C14: 0.0365
A15: Fórmula para o cálculo do BDI:
A16: {[(1+AC+SRG) x (1+L) x (1+DF)] / (1-T)} -1
A17: Resultado do cálculo do BDI: | C17: =ROUND((((1+C9+C10)*(1+C11)*(1+C12))/(1-(C13+C14))-1),4) -> 0.2365
A19: AC = taxa representativa das despesas de rateio da administração central
A20: R = taxa representativa de riscos
A21: S = taxa representativa de seguros
A22: G = taxa representativa de garantias
A23: DF = taxa representativa das despesas financeiras
A24: L = taxa representativa do lucro ou remuneração
A25: T = taxa representativa da incidência de tributos

Sheet 11 Horários
A1: Prefeitura Municipal de Caseiros
A2: Planilha com os horários dos funcionários
A3: Periodicidade: Segunda à Sexta e alguns casos segunda a domingo
A4: Nr. Func. | B4: Cargo | C4: Dias | D4: Entrada | E4: Saída | F4: Total Horas
B5: Atividades diversas | C5: Diversos
A7: Cargo: Atividades diversas com fator de utilização
A8: Total de horas por funcionário | F8: 8
A9: Total de dias por semana | F9: 5
A10: Total de horas por semana | F10: =F8*F9 -> 40
A11: Dias úteis semana | F11: 6
A12: Total de dias com (DSR) Descanso Semanal Remunerado | F12: 7
A13: Total de horas/dia com (DSR) | F13: =F10/F11 -> 6.6666667
A14: Total de dias no mês (30 dias) | F14: 30
A15: Total geral de horas mês com (DSR) | F15: =F13*F14 -> 200
A16: Total geral de horas base mês com (DSR) | F16: 220
A17: Fator de utilização | F17: =F15/F16 -> 0.90909091
A19: Cargo: Atividades dos porteiros noturno 12/36
A20: Total de horas por funcionário | F20: 12
A21: Total de dias por semana | F21: 3.5
A22: Total de horas por semana | F22: =F20*F21 -> 42
A23: Dias úteis semana | F23: 6
A24: Total de dias com (DSR) Descanso Semanal Remunerado | F24: 7
A25: Total de horas/dia com (DSR) | F25: =F22/F23 -> 7
A26: Total de dias no mês (30 dias) | F26: 30
A27: Total geral de horas mês com (DSR) | F27: =F25*F26 -> 210
A28: Total geral de horas base mês com (DSR) | F28: 210
A29: Fator de utilização | F29: =F27/F28 -> 1
A31: Previsão do porteiro diurno (possibilidade)
A32: Porteiro | B32: Cargo | C32: Dias | D32: Entrada | E32: Saída | F32: Total Horas
A33: 1 | B33: Porteiro diurno | C33: Seg. a sexta | D33: 0.29166667 | E33: 0.5 | F33: =E33-D33 -> 0.20833333 | H33: 8
A34: 1 | B34: Porteiro diurno | C34: Seg. a sexta | D34: 0.54166667 | E34: 0.66666667 | F34: =E34-D34 -> 0.125
A35: 2 | B35: Porteiro diurno | C35: Seg. a sexta | D35: 0.29166667 | E35: 0.54166667 | F35: =E35-D35 -> 0.25 | H35: 8
A36: 2 | B36: Porteiro diurno | C36: Seg. a sexta | D36: 0.66666667 | E36: 0.75 | F36: =E36-D36 -> 0.083333333
A37: 3 | B37: Porteiro diurno | C37: Seg. a sexta | D37: 0.5 | E37: 0.75 | F37: =E37-D37 -> 0.25 | H37: 6
A39: Cargo: Atividade de porteiro e vigilante diurno | H39: =SUM(H33:H38) -> 22
A40: Total de horas por funcionário | F40: 7.334 | H40: =H39/3 -> 7.3333333
A41: Total de dias por semana | F41: 5
A42: Total de horas por semana | F42: =F40*F41 -> 36.67
A43: Dias úteis semana | F43: 6
A44: Total de dias com (DSR) Descanso Semanal Remunerado | F44: 7
A45: Total de horas/dia com (DSR) | F45: =F42/F43 -> 6.1116667
A46: Total de dias no mês (30 dias) | F46: 30
A47: Total geral de horas mês com (DSR) | F47: =F45*F46 -> 183.35
A48: Total geral de horas base mês com (DSR) | F48: 220
A49: Fator de utilização | F49: =F47/F48 -> 0.83340909
